 Dungeon Crawl Stone Soup version 0.31-a0-859-g9dce7d3444 (webtiles) character file.

Game seed: 6606384512154965184

9 Kurtz the Sneak (level 2, 10/28 HPs)
             Began as a Naga Delver on Oct 9, 2023.
             Quit the game on level 5 of the Dungeon.
             The game lasted 00:00:13 (113 turns).

Kurtz the Sneak (Naga Delver)                        Turns: 113, Time: 00:00:14

Health: 10/28      AC:  2    Str: 14    XL:     2   Next: 12%
Magic:  2/2        EV:  9    Int: 10    God:
Gold:   7          SH:  0    Dex: 12    Spells: 1/1 levels left

rFire   . . .        a - +0 hand axe
rCold   . . .        (no shield)
rNeg    . . .        b - +0 leather armour
rPois   +            (no helmet)
rElec   .            (no cloak)
rCorr   .            (no gloves)
SInv    +            (no barding)
Will    .....        (no amulet)
Stlth   +++          (no ring)
HPRegen 0.24/turn    (no ring)
MPRegen 0.08/turn

%: no passive effects
@: very slow
A: AC +0, large, see invisible, deformed body, poison resistance, slowness 2,
spit poison 1, naga tail 1
a: Spit Poison


You were on level 5 of the Dungeon.
You visited 1 branch of the dungeon, and saw 1 of its levels.

You collected 7 gold pieces.

Inventory:

Hand Weapons
 a - a +0 hand axe (weapon)
Armour
 b - a +0 leather armour (worn)
Wands
 g - a wand of digging (3)
Scrolls
 c - a scroll of fog
 d - a scroll of revelation
Potions
 f - a potion of haste


   Skills:
 - Level 3.0 Fighting
 * Level 2.8 Axes
 - Level 1.5 Dodging
 - Level 7.2 Stealth


You had one spell level left.
You didn't know any spells.
Your spell library was empty.

Dungeon Overview and Level Annotations

Branches:
Dungeon (5/15)
 Temple: D:4-7

Altars:


Innate Abilities, Weirdness & Mutations

Your serpentine skin is tough. (AC +0)
You have supernaturally acute eyesight. (SInv)
Armour fits poorly on your strangely shaped body.
Your system is resistant to poisons. (rPois)
You cover ground very slowly.
You can spit poison.
You have a snake-like lower body.


Message History

No target in view!
Found a stone staircase leading down.
You now have 7 gold pieces.
A phantom comes into view.
Found a stone staircase leading up.
A phantom comes into view.
The phantom moves out of view.
Found 10 gold pieces.
As you read the scroll of fear, it crumbles to dust.
You assume a fearsome visage.
The phantom is unaffected. x2
The phantom closely misses you.
You hit the phantom.
The phantom is lightly damaged.
The phantom closely misses you.
You hit the phantom.
The phantom is moderately damaged.
The phantom hits you but does no damage.
You miss the phantom.
The phantom is moderately damaged.
The phantom completely misses you.
You closely miss the phantom.
The phantom is moderately damaged.
You hit the phantom.
The phantom hits you. x2; The phantom blinks!
You blink.
Found 2 large rocks.
The phantom hits you.
The phantom blinks!
You blink.
You hit the phantom but do no damage.
The phantom hits you but does no damage.
Unknown command.
You hit the phantom but do no damage.
The phantom is moderately damaged.
You hit the phantom. The phantom hits you.
The phantom blinks!
You blink.
Found 5 stones.
You hit the phantom but do no damage.
The phantom is lightly damaged.
The phantom hits you.
The phantom blinks!
You blink.
Unknown command.
You are too injured to fight recklessly!
You are too injured to fight recklessly!
You are too injured to fight recklessly!
Are you sure you want to abandon this character and quit the game? (Confirm with "yes".)

#.#..(..# .#
#.......##.#
#..........#
#..........#
###..........###.
##$.......§.......
#.....#........... .
........><...####....
#.....#...§W.@W...#
##... #.###.#####.#
##.# #.#...# ...#
#.#.### ###.#
#.#.####### #.#
#.......... #.#
###.####### #># #.###
#.#####...#


You could see 2 phantoms.

Vanquished Creatures
  An adder (D:5)
1 creature vanquished.

Notes
Turn   | Place    | Note
-------+----------+-------------------------------------------
     0 | D:5      | Kurtz the Naga Delver began the quest for the Orb.
     0 | D:5      | Reached XP level 1. HP: 21/21 MP: 1/1
    63 | D:5      | Reached XP level 2. HP: 28/28 MP: 2/2
   101 | D:5      | Noticed a phantom
   101 | D:5      | Noticed a phantom
   113 | D:5      | Quit the game

Illustrated notes

Levels and vault maps discovered:
D:5:      layout_loops_ring, gammafunk_ghost_stat_death,
          hangedman_decor_riveting, mumra_transporter_accident

Action                     || total
---------------------------++-------
  Melee: Hand axe          ||     9
Ability: Spit Poison       ||     1
    Use: Scroll            ||     1
 Armour: Leather armour    ||     8
  Dodge: Dodged            ||     4

Table legend: (Time is in decaauts)
 A = Elapsed time spent in this place.
 B = Non-inter-level travel time spent in this place.
 C = Inter-level travel time spent in this place.
 D = Time resting spent in this place.
 E = Time spent auto-exploring this place.
 F = Levels seen in this place.
 G = Mean time per level.
                   A        B        C        D        E       F      G
               +--------+--------+--------+--------+--------+-----+--------+
         Total |    154 |    154 |      0 |      0 |    129 |   1 |  154.0 |
       Dungeon |    154 |    154 |      0 |      0 |    129 |   1 |  154.0 |
               +--------+--------+--------+--------+--------+-----+--------+

Top non-repeatable levels by time:
     D:5: 154 daAuts
